 Dungeon Sprint DCSS version 0.26.1-2-gb8aa6d0cf2 (webtiles) character file.

Game seed: 2142616010235793355

23 Groucho the Sneak (level 2, -4/14 HPs)
             Began as a Spriggan Enchanter on Feb 25, 2021.
             Was a Believer of Kikubaaqudgha.
             Killed from afar by a deep elf mage (15 damage)
             ... with a stone arrow
             ... in the Dungeon (Sprint VII: "The Pits").
             The game lasted 00:02:26 (556 turns).

Groucho the Sneak (Spriggan Enchanter)               Turns: 556, Time: 00:02:26

Health: -4/14      AC:  2    Str:  4    XL:     2   Next: 72%
Magic:  3/8        EV: 20    Int: 16    God:    Kikubaaqudgha [**....]
Gold:   0          SH:  0    Dex: 16    Spells: 6/9 levels left

rFire    . . .     SeeInvis +   a - +2 dagger
rCold    . . .     Faith    .   (shield restricted)
rNeg     . . .     Spirit   .   b - +0 robe
rPois    .         Reflect  .   (helmet restricted)
rElec    .         Harm     .   (no cloak)
rCorr    .         Rampage  .   (gloves unavailable)
Will     .....     NoTele   +   (boots unavailable)
Stlth    +++.......             (no amulet)
HPRegen  0.04/turn              (no ring)
MPRegen  0.11/turn              (no ring)

@: berserk cooldown, hasted and slowed, very quick
A: very small, unfitting armour, see invisible, speed 3
a: Renounce Religion, Receive Corpses


You were in the Dungeon.
You worshipped Kikubaaqudgha.
Kikubaaqudgha was pleased with you.
You visited 1 branch

Inventory:

Hand Weapons
 a - a +2 dagger (weapon)
Missiles
 j - 12 stones (quivered)
Armour
 b - a +0 robe (worn)
Scrolls
 i - a scroll of blinking
Potions
 c - 2 potions of invisibility
 d - a potion of curing
 e - a potion of heal wounds
 g - 4 potions of magic
 h - a potion of berserk rage


   Skills:
 + Level 1.1 Fighting
 + Level 2.0 Short Blades
 * Level 4.6 Dodging
 * Level 5.8 Stealth
 * Level 4.0 Spellcasting
 * Level 4.7 Hexes


You had 6 spell levels left.
You knew the following spells:

 Your Spells              Type           Power        Failure   Level
a - Corona                Hex            20%          2%          1
b - Ensorcelled Hibernat  Hex/Ice        20%          10%         2

Your spell library contained the following spells:

 Spells                   Type           Power        Failure   Level
 Confusing Touch          Hex            18%          8%          3
 Tukima's Dance           Hex            18%          8%          3
 Animate Skeleton         Necr           6%           17%         1
 Pain                     Necr           12%          17%         1
 Dazzling Flash           Conj/Hex       20%          19%         3
 Sublimation of Blood     Necr           1%           26%         2
 Vampiric Draining        Necr           1%           45%         3


Dungeon Overview and Level Annotations

Branches:
Dungeon (1/1)

Altars:
Ashenzari
Cheibriados
Dithmenos
Elyvilon
Fedhas
Gozag
Hepliaklqana
Kikubaaqudgha
Makhleb
Nemelex Xobeh
Okawaru
Qazlal
Ru
Sif Muna
Trog
Uskayaw
Vehumet
Wu Jian
Xom
Yredelemnul
Zin
The Shining One
Beogh
Jiyva
Lugonu


Innate Abilities, Weirdness & Mutations

You are very small and have problems with some larger weapons.
You are too small for most types of armour.
You have supernaturally acute eyesight. (SInv)
You cover ground extremely quickly.


Message History

You are exhausted.
You feel yourself slow down.
There is an open door, spattered with blood here.
Things that are here:
a +0 club; a goblin corpse
There is an open door here.
Which direction?
You close the door.
There is an open door here.
You see here a +0 dagger.
You close the door.
Something unseen opens the door.
There is an open door to the Storerooms (Easy) here.
You close the door.
You feel yourself speed up.
Something unseen opens the door.
The deep elf mage gestures at you while chanting.
The stone arrow hits you!
Ouch! That really hurt!
You die...
Kikubaaqudgha rasps: "You have failed me!
Welcome... death!"

#_________.#
#_________.#
#_______...###########++
##########'##...........
#.?..')))'.##......#..#
##########)##..........
#......)...e'...........
#+#####e#####......#..#.
#..#...+.##..@........
#..#...#.#####'#####+
#..#####.##.......#
#..'..÷#E##.......#
#..'.÷.'.##.......#
#..########...<...# #..+
#.......# #(.# #.......#
#### #.......#


You could see a deep elf mage.

Vanquished Creatures
  A river rat (D)
  An ufetubus (D)
  An adder zombie (D)
  A kobold (D)
  A frilled lizard (D)
  A goblin (D)
  2 rats (D)
8 creatures vanquished.

Notes
Turn   | Place    | Note
-------+----------+-------------------------------------------
     0 | D        | Groucho the Spriggan Enchanter began the quest for the Orb.
     0 | D        | Reached XP level 1. HP: 9/9 MP: 5/5
    34 | D        | Found a bloodstained altar of Trog.
    34 | D        | Found a shimmering blue altar of Sif Muna.
    34 | D        | Found a viscous altar of Jiyva.
    34 | D        | Found a hazy altar of Hepliaklqana.
    34 | D        | Found an opulent altar of Gozag.
    35 | D        | Found a glowing golden altar of the Shining One.
    35 | D        | Found a glowing silver altar of Zin.
    35 | D        | Found a basalt altar of Yredelemnul.
    35 | D        | Found a shimmering altar of Xom.
    35 | D        | Found an ornate altar of the Wu Jian Council.
    35 | D        | Found a sacrificial altar of Ru.
    35 | D        | Found a stormy altar of Qazlal.
    35 | D        | Found an iron altar of Okawaru.
    35 | D        | Found a sparkling altar of Nemelex Xobeh.
    35 | D        | Found a burning altar of Makhleb.
    35 | D        | Found a blossoming altar of Fedhas.
    35 | D        | Found a white marble altar of Elyvilon.
    35 | D        | Found a shadowy altar of Dithmenos.
    35 | D        | Found a snail-covered altar of Cheibriados.
    37 | D        | Found a corrupted altar of Lugonu.
    37 | D        | Found a radiant altar of Vehumet.
    37 | D        | Found a roughly hewn altar of Beogh.
    38 | D        | Found an ancient bone altar of Kikubaaqudgha.
    38 | D        | Found a hide-covered altar of Uskayaw.
    38 | D        | Found a broken altar of Ashenzari.
    47 | D        | Became a worshipper of Kikubaaqudgha
    69 | D        | Reached skill level 5 in Stealth
   128 | D        | Reached * piety under Kikubaaqudgha
   128 | D        | Identified Kikubaaqudgha's Compendium of Dark Secrets
                  | (Kikubaaqudgha gifted it to you in the Dungeon)
   128 | D        | Received a gift from Kikubaaqudgha
   129 | D        | Reached skill level 1 in Fighting
   129 | D        | Reached XP level 2. HP: 14/14 MP: 5/7
   141 | D        | Learned a level 2 spell: Ensorcelled Hibernation
   487 | D        | Noticed a deep elf mage
   504 | D        | Reached ** piety under Kikubaaqudgha
   525 | D        | Noticed an earth elemental
   556 | D        | Killed from afar by a deep elf mage

Illustrated notes

Levels and vault maps discovered:
D:        pitsprint [storerooms_1, entrance_room_1, metal_vault_5, armoury_1,
          mini_pit_1, grid_room_1, main_hall_1, silver_pit, the_coven_3,
          the_vestibule_1, steel_vault_5, golden_pit, hallway_of_sentries,
          crystal_vault_4, iron_vault_5, final_vault]

Skill      XL: |  1  2 |
---------------+-------+-----
Stealth        | 5 |  5.8
Spellcasting   | 3 4 |  4.0
Hexes          | 4 |  4.7
Fighting       | 1 |  1.1
Dodging        | 4 |  4.6
Short Blades   | 2 |  2.0

Action                   || total
-------------------------++-------
Melee: Dagger            ||    28
Throw: Stone             ||     1
 Cast: Ensorcelled Hiber ||     4
  Use: Potion            ||     3
 Stab: Sleeping          ||     3
Armor: Robe              ||     2
Dodge: Dodged            ||    22
